 Dungeon Crawl Stone Soup version 0.20.1-1-g8b1a95d (webtiles) character file.

498 pib the Cudgeler (level 7, -2/67 HPs)
             Began as a Kobold Berserker on Aug 6, 2017.
             Was a Priest of Trog.
             Slain by an ogre
             ... wielding a +0 giant club
              (24 damage)
             ... on level 3 of the Dungeon.
             The game lasted 00:07:29 (3692 turns).

pib the Cudgeler (Kobold Berserker)                 Turns: 3692, Time: 00:07:29

Health: -2/67      AC: 10    Str: 21    XL:     7   Next: 39%
Magic:  7/7        EV: 14    Int:  8    God:    Trog [***...]
Gold:   182        SH:  0    Dex: 15    Spells: 6/6 levels left

rFire    . . .     SeeInvis .   p - +0 flail (protect)
rCold    . . .     Gourm    .   (shield restricted)
rNeg     . . .     Faith    .   l - +0 leather armour
rPois    .         Spirit   .   (no helmet)
rElec    .         Reflect  .   (no cloak)
rCorr    .         Harm     .   (no gloves)
MR       ++...                  (no boots)
Stlth    ..........             (no amulet)
Regen    1.3/turn               (no ring)
MPRegen  0.1/turn               (no ring)

@: berserking, protection aura, regenerating, drained, very quick
A: carnivore 3
a: Berserk, Trog's Hand, Burn Spellbooks, Renounce Religion


You were on level 3 of the Dungeon.
You worshipped Trog.
Trog was most pleased with you.
You were very full.

You visited 1 branch of the dungeon, and saw 3 of its levels.

You collected 182 gold pieces.

Inventory:

Hand Weapons
 a - a +0 mace
 p - a +0 flail of protection (weapon)
 x - a +0 flail of draining
Missiles
 n - 2 curare-tipped needles
Armour
 b - a +0 animal skin
 l - a +0 leather armour (worn)
 m - a +0 buckler
Jewellery
 f - a cursed ring of positive energy {unknown}
Scrolls
 d - a scroll of blinking {unknown}
 e - 2 scrolls of identify {unknown}
 g - a scroll of magic mapping {unknown}
 h - 2 scrolls of recharging
 o - 2 scrolls of remove curse {unknown}
 u - a scroll of noise {unknown}
 w - 2 scrolls of teleportation {unknown}
Potions
 i - a potion of brilliance {unknown}
 j - 3 potions of flight {unknown}
 k - a potion of heal wounds {unknown}
 r - a potion of curing {unknown}
 s - a potion of might {unknown}
 v - a potion of cancellation {unknown}
Books
 q - a book of Maledictions

   Spells                             Type                      Level
   a - Corona                         Hexes                        1
   b - Ensorcelled Hibernation        Hexes/Ice                    2
   c - Confuse                        Hexes                        3
   d - Tukima's Dance                 Hexes                        3
   e - Dazzling Spray                 Conjuration/Hexes            3
   Trog disapproves of the use of such an item.
Comestibles
 c - 3 meat rations
 t - 4 chunks of flesh


   Skills:
 + Level 5.6(5.2) Fighting
 * Level 6.1(5.6) Maces & Flails
 - Level 1.5(1.1) Armour
 - Level 2.4(2.0) Dodging


You had 6 spell levels left.
You didn't know any spells.

Dungeon Overview and Level Annotations

Branches:
Dungeon (3/15)

Altars:


Innate Abilities, Weirdness & Mutations

You are small and have problems with some larger weapons.
You are carnivorous and can eat meat at any time.


Message History

The ogre misses you.
You hit the ogre.
The ogre is moderately wounded.
The ogre hits you with a giant club!!
Ouch! That really hurt!
* * * LOW HITPOINT WARNING * * *
You hear a shout!
You are too injured to fight recklessly!
You are too injured to fight recklessly!
You are too injured to fight recklessly!
Your skin crawls.
You feel resistant to hostile enchantments.
A gnoll comes into view.
A red film seems to cover your vision as you go berserk!
You feel yourself moving faster!
You feel mighty!
You feel a lot less full. The ogre closely misses you.
You hit the ogre.
The ogre is heavily wounded.
The ogre hits you with a giant club!!
You die...

### #### #.##....#..# #.# #
#..# ##)#....#..## #.#
##.####....##.#.## #)#
#......#.###)#.## #<#
#..).###..#.....#####.#
######.##.####.#.###..#....#
)...)...g.....g..# ##...####
.####....)....#.)###...##
)####.........#.@##..#.## ###
...(รท)........##O##.##..# ##..
#####........g##..#.###.#
####..# #.........##....#
#(###....## #....[..........#
#)##..####
#####.##.....##.###....######
#....###...##........#......
##..........g.>..............
###...###..###.#.#.#####.......


You could see an ogre and a gnoll.

Vanquished Creatures
  A scorpion (D:3)
  A bullfrog zombie (D:3)
  2 gnoll shamans (D:3)
  4 adders
  22 gnolls (D:3)
  4 worms (D:2)
  A dart slug (D:1)
  4 leopard geckos
  9 bats
  4 giant cockroaches
  4 goblins
  9 hobgoblins
  22 jackals
  4 frilled lizards
  5 kobolds
  7 rats
103 creatures vanquished.

Notes
Turn   | Place    | Note
-------+----------+-------------------------------------------
     0 | D:1      | pib the Kobold Berserker began the quest for the Orb.
     0 | D:1      | Reached XP level 1. HP: 14/14 MP: 1/1
   430 | D:1      | Reached skill level 3 in Maces & Flails
   430 | D:1      | Reached XP level 2. HP: 12/19 MP: 2/2
   819 | D:1      | Reached XP level 3. HP: 23/23 MP: 3/3
  1173 | D:2      | Reached ** piety under Trog
  1280 | D:2      | Reached XP level 4. HP: 26/29 MP: 4/4
  1641 | D:2      | Reached skill level 4 in Maces & Flails
  2026 | D:3      | Reached XP level 5. HP: 14/34 MP: 5/5
  2656 | D:3      | Reached XP level 6. HP: 33/40 MP: 6/6
  2733 | D:3      | Reached skill level 5 in Maces & Flails
  2862 | D:3      | Noticed an ogre
  3068 | D:3      | Reached skill level 5 in Fighting
  3253 | D:3      | Reached XP level 7. HP: 14/44 MP: 7/7
  3418 | D:3      | Reached *** piety under Trog
  3443 | D:3      | Reached skill level 6 in Maces & Flails
  3692 | D:3      | Slain by an ogre

Skill      XL: |  1  2  3  4  5  6  7 |
---------------+----------------------+-----
Maces & Flails | 3 4 5 6 |  6.1
Fighting       | 4 5 |  5.6
Armour         | |  1.5
Dodging        | |  2.4

Action                   |  1- 3 |  4- 6 |  7- 9 || total
-------------------------+-------+-------+-------++-------
Melee: Mace              |    95 |     4 |       ||    99
       Flail             |       |   256 |    74 ||   330
Invok: Berserk           |       |     1 |     1 ||     2
       Trog's Hand       |       |     1 |     1 ||     2
  Use: Scroll            |       |     1 |       ||     1
 Stab: Sleeping          |     1 |       |       ||     1
  Eat: Chunk             |    10 |     7 |     2 ||    19
Armor: Animal skin       |     4 |       |       ||     4
       Leather armour    |     8 |    86 |    10 ||   104
Dodge: Dodged            |    67 |   250 |    57 ||   374
Block: Buckler           |    12 |    35 |       ||    47
